 Dungeon Crawl Stone Soup version 0.23-a0-395-gcf17ac6 (webtiles) character file.

150 rabbit the Covered (level 5, 0/33 HPs)
             Began as a Gargoyle Fighter on Nov 1, 2018.
             Slain by Grinder (2 damage)
             ... while paralysed by Grinder
             ... on level 3 of the Dungeon.
             The game lasted 00:05:41 (2082 turns).

rabbit the Covered (Gargoyle Fighter)               Turns: 2082, Time: 00:05:42

Health: 0/33       AC: 13    Str: 20    XL:     5   Next: 32%
Magic:  5/5        EV:  2    Int:  9    God:
Gold:   100        SH:  0    Dex:  9    Spells: 4/4 levels left

rFire    . . .     SeeInvis .   a - +0 flail
rCold    + . .     Gourm    .   c - +0 shield
rNeg     + . .     Faith    .   q - +0 chain mail
rPois    ∞         Spirit   .   (no helmet)
rElec    +         Reflect  .   (no cloak)
rCorr    .         Harm     .   (no gloves)
MR       .....                  (no boots)
Stlth    ..........             (no amulet)
HPRegen  0.11/turn              k - ring of protection from cold
MPRegen  0.09/turn              (no ring)

@: paralysed
A: negative energy resistance 1, electricity resistance, unbreathing,
petrification resistance, rot immunity, AC +4
a: no special abilities


You were on level 3 of the Dungeon.
You were not hungry.

You visited 1 branch of the dungeon, and saw 3 of its levels.

You collected 100 gold pieces.

Inventory:

Hand Weapons
 a - a +0 flail (weapon)
 h - a +0 mace
Missiles
 e - 72 stones (quivered)
 i - 58 bolts
 v - 11 sling bullets
Armour
 b - a +0 scale mail
 c - a +0 shield (worn)
 q - a +0 chain mail (worn)
 t - a +0 ring mail
Jewellery
 g - an uncursed ring of wizardry
 k - a ring of protection from cold (left hand)
Wands
 u - a wand of iceblast (7)
Scrolls
 m - 2 scrolls of magic mapping {unknown}
 n - a scroll of teleportation {unknown}
 o - a scroll of remove curse
 r - a scroll of random uselessness {unknown}
 s - a scroll of enchant weapon {unknown}
Potions
 d - a potion of might
 j - a potion of invisibility {unknown}
 l - a potion of brilliance {unknown}
 p - 2 potions of haste
Comestibles
 f - 5 rations


   Skills:
 + Level 4.0 Fighting
 * Level 3.7 Maces & Flails
 + Level 4.1 Armour
 + Level 4.0 Shields


You had 4 spell levels left.
You didn't know any spells.
Your spell library was empty.

Dungeon Overview and Level Annotations

Branches:
Dungeon (3/15)

Altars:

Annotations:
D:3 Grinder


Innate Abilities, Weirdness & Mutations

You are resistant to torment.
Your stone body is resilient. (AC +4)
You are immune to poison.
You resist negative energy. (rN+)
You are resistant to electric shocks. (rElec)
You can survive without breathing.
You are immune to petrification.
You are immune to rotting.


Message History

You closely miss Grinder.
Grinder is lightly wounded.
Grinder gestures at you.
You suddenly lose the ability to move!
Grinder completely misses you. Grinder gestures at you.
You barely resist. Grinder hits you.
You writhe in agony.
* * * LOW HITPOINT WARNING * * *
Grinder hits you but does no damage. Grinder hits you.
* * * LOW HITPOINT WARNING * * *
You writhe in agony.
* * * LOW HITPOINT WARNING * * *
Grinder barely misses you. Grinder gestures at you.
You resist with significant effort. Grinder hits you.
* * * LOW HITPOINT WARNING * * *
You writhe in agony.
You die...

#.......#
#.......#
#.......#
#...^...#
#.......##
#........#
#........#######
+...............
#..[@5..........
#######.#.#####.
#.#..# #.##.#
#.. .. ... ...
...§.... ....
...#


You could see Grinder.

Vanquished Creatures
  Ijyb (D:2)
  6 adders
  2 oozes
  A worm (D:3)
  4 orcs (D:2)
  A giant cockroach (D:2)
  6 goblins
  5 hobgoblins
  8 jackals (D:1)
  6 kobolds
  A quokka (D:2)
  A ball python (D:1)
  6 bats
  2 frilled lizards (D:1)
  6 rats
56 creatures vanquished.

Notes
Turn   | Place    | Note
-------+----------+-------------------------------------------
     0 | D:1      | rabbit the Gargoyle Fighter began the quest for the Orb.
     0 | D:1      | Reached XP level 1. HP: 14/14 MP: 1/1
   148 | D:1      | Reached XP level 2. HP: 17/19 MP: 2/2
   425 | D:1      | Reached XP level 3. HP: 23/23 MP: 3/3
  1244 | D:2      | Reached XP level 4. HP: 26/29 MP: 4/4
  1724 | D:3      | Noticed Ijyb
  1815 | D:2      | Killed Ijyb
  1815 | D:2      | Reached XP level 5. HP: 30/33 MP: 5/5
  2069 | D:3      | Noticed Grinder
  2074 | D:3      | Paralysed by Grinder for 2 turns
  2077 | D:3      | Paralysed by Grinder for 7 turns
  2082 | D:3      | Slain by Grinder

Vault maps used:
D:1:      kennysheep_arrival_forest, grunt_decor_clamped, minmay_quantized
D:3:      gammafunk_temple_overflow_elements, first_ration, minmay_bisected,
          uniq_ijyb, uniq_terence, uniq_grinder

Skill      XL: |  1  2  3  4  5 |
---------------+----------------+-----
Maces & Flails | 3 |  3.7
Fighting       | 4 |  4.0
Armour         | 4 |  4.1
Shields        | 4 |  4.0

Action                   |  1- 3 |  4- 6 || total
-------------------------+-------+-------++-------
Melee: Flail             |   130 |   107 ||   237
Throw: Stone             |     2 |       ||     2
  Use: Scroll            |     2 |       ||     2
  Eat: Chunk             |     1 |     3 ||     4
Armor: Scale mail        |    83 |       ||    83
       Chain mail        |       |   169 ||   169
Dodge: Dodged            |    49 |    50 ||    99
Block: Shield            |    73 |    97 ||   170

Table legend:
 A = Non-vault XP
 B = Vault XP
 C = Vault XP percentage of total XP
 D = Non-vault monster count
 E = Vault monster count
 F = Vault count percentage of total count
                 A         B        C        D         E       F
            +---------+---------+-------+---------+---------+-------
      Total |     159 |      56 |  26.0 |      49 |       7 |  12.5
            +---------+---------+-------+---------+---------+-------
        D:1 |      45 |       3 |   6.2 |      24 |       3 |  11.1
        D:2 |      72 |      51 |  41.5 |      19 |       3 |  13.6
        D:3 |      42 |       2 |   4.5 |       6 |       1 |  14.3
            +---------+---------+-------+---------+---------+-------
